Map: Braci Abbaglianti LE

Players

FreeRider

  • Race: Terran Terran
  • League: Silver

Twingun

  • Race: Terran Terran

VOD

Have the link to the VOD?

Description

Im new to starcraft but this is the longest game i ever had

Time

  • Played on: March 13, 2022, 1:06 p.m.
  • Length: 136:15
Show
View Real Time Build Order
Export as new Build Order

FreeRider Terran 

Build Orders:  

Get SALT Encoding   

  12  0:00  SCV  
  13  0:13  SCV  
  14  0:25  SCV  
  14  0:27  Supply Depot  
  15  0:49  SCV  
  16  0:50  Barracks  
  16  0:54  Refinery  
  16  1:01  SCV  
  17  1:15  Barracks  
  17  1:17  SCV  
  18  1:29  SCV  
  19  1:38  Supply Depot  
  19  1:41  SCV  
  19  1:42  Marine  
  21  1:54  SCV  
  22  2:00  Marine  
  23  2:05  Factory  
  23  2:06  SCV  
  24  2:17  Barracks Reactor, Refinery  
  24  2:18  SCV  
  25  2:34  Command Center  
  25  2:36  Marine  
  26  2:39  SCV  
  27  2:50  Factory Tech Lab  
  27  2:51  SCV  
  28  3:03  SCV  
  28  3:05  Starport  
  29  3:16  Orbital Command  
  29  3:25  Marine  
  29  3:26  Marine  
  31  3:35  Supply Depot  
  31  3:45  Siege Tank  
  34  3:51  Barracks Reactor  
  34  3:54  SCV  
  35  3:56  Engineering Bay  
  35  4:01  Supply Depot  
  35  4:03  Orbital Command  
  35  4:15  Liberator  
  38  4:35  Missile Turret  
  38  4:36  Hi-Sec Auto Tracking  
  38  4:42  SCV  
  38  4:44  Missile Turret  
  39  4:53  Marine x2  
  39  4:54  SCV x2  
  43  5:01  Refinery  
  43  5:06  SCV x2  
  43  5:07  Missile Turret  
  45  5:10  Starport Reactor  
  45  5:18  SCV x2  
  47  5:26  Missile Turret  
  47  5:30  SCV  
  47  5:31  SCV  
  47  5:33  Terran Infantry Weapons Level 1  
  49  5:43  SCV x2  
  49  5:47  Siege Tank  
  49  5:49  Supply Depot  
  54  5:55  SCV x2  
  56  6:07  Missile Turret, Liberator, SCV x2  
  61  6:12  Supply Depot  
  61  6:19  SCV  
  62  6:27  Missile Turret  
  62  6:31  SCV  
  63  6:43  Medivac  
  63  6:45  Marine x4  
  63  6:46  Siege Tank  
  72  6:51  SCV  
  72  6:52  Missile Turret  
  73  6:56  Refinery  
  73  7:02  Marine  
  73  7:03  SCV, Marine x3  
  78  7:11  Missile Turret, Armory  
  78  7:32  Supply Depot  
  78  7:45  Viking, SCV x2, Marine x2, Widow Mine  
  86  7:53  Marine x2  
  86  7:55  Supply Depot  
  86  7:57  SCV x2  
  90  8:01  Armory  
  90  8:02  Marine x2  
  92  8:07  Widow Mine  
  92  8:11  Missile Turret  
  94  8:16  Marine x2  
  94  8:17  SCV x2  
  94  8:18  Supply Depot  
  98  8:20  Drilling Claws  
  98  8:23  Marine  
  98  8:24  Marine  
  100  8:29  SCV x2  
  102  8:39  Marine x2  
  102  8:40  Command Center  
  102  8:41  SCV x2, Marine x2  
  106  8:42  Supply Depot  
  106  8:44  Medivac  
  106  8:47  Starport  
  110  8:52  Supply Depot  
  110  9:02  Marine x4  
  110  9:03  SCV x2  
  116  9:10  Barracks  
  116  9:11  Terran Infantry Weapons Level 2  
  116  9:14  Terran Vehicle Weapons Level 1  
  116  9:15  Terran Ship Weapons Level 1  
  116  9:17  Supply Depot  
  116  9:20  Marine x4  
  120  9:24  Starport Reactor  
  120  9:25  Starport  
  120  9:40  Supply Depot  
  120  9:54  Orbital Command  
  120  10:02  Sensor Tower  
  120  10:03  Starport  
  120  10:09  Supply Depot  
  120  10:12  Barracks Reactor  
  120  10:28  Barracks  
  120  10:29  Marine  
  120  10:30  Marine x3  
  120  10:31  Sensor Tower  
  120  10:32  Supply Depot  
  124  10:40  Bunker  
  124  10:47  Marine  
  124  10:48  Marine x3  
  128  10:55  Supply Depot  
  128  11:02  Siege Tank  
  131  11:05  Marine  
  131  11:06  Marine x3  
  131  11:10  Terran Vehicle And Ship Armor Level 1, Missile Turret  
  135  11:14  Missile Turret  
  135  11:19  Starport Reactor  
  135  11:23  Marine x3  
  135  11:24  Marine  
  139  11:28  Terran Infantry Armor Level 1  
  139  11:30  Missile Turret  
  139  11:34  Siege Tank  
  139  11:35  Missile Turret  
  142  11:43  Barracks Tech Lab  
  142  11:45  Marine  
  142  11:46  Marine x3  
  142  11:47  Marine  
  146  11:48  Command Center  
  147  12:10  Refinery  
  147  12:22  Refinery  
  150  12:37  Siege Tank  
  150  12:44  Sensor Tower  
  150  12:50  SCV  
  151  12:52  Missile Turret  
  151  13:02  SCV  
  153  13:05  SCV  
  153  13:09  Siege Tank, Command Center  
  156  13:14  Missile Turret, SCV  
  156  13:17  SCV  
  158  13:26  SCV  
  159  13:29  SCV  
  160  13:38  SCV  
  161  13:42  SCV  
  161  13:44  Missile Turret  
  162  13:54  SCV  
  163  14:07  Missile Turret  
  163  14:28  Missile Turret  
  163  14:36  Orbital Command  
  163  14:44  Orbital Command  
  163  14:48  Refinery  
  163  14:54  Command Center  
  163  14:59  Combat Shield  
  163  15:01  Marine  
  163  15:02  Marine x6  
  163  15:04  Refinery  
  163  15:05  Missile Turret  
  170  15:14  Missile Turret, SCV  
  170  15:19  Marine x4  
  170  15:20  Marine x3  
  178  15:23  SCV  
  178  15:25  Missile Turret  
  178  15:26  SCV  
  180  15:35  Missile Turret  
  180  15:36  SCV  
  180  15:37  Marine x7  
  180  15:38  SCV  
  189  15:44  Missile Turret  
  189  15:48  SCV  
  189  15:50  SCV  
  189  15:55  Missile Turret, Marine x7  
  197  15:57  Terran Vehicle Weapons Level 2  
  197  15:58  Terran Ship Weapons Level 2  
  197  16:00  SCV, Terran Infantry Weapons Level 3  
  197  16:02  SCV  
  199  16:04  Starport Tech Lab  
  199  16:12  SCV  
  199  16:18  Stimpack  
  200  17:24  Orbital Command  
  200  17:47  Refinery  
  191  18:14  Terran Vehicle And Ship Armor Level 2  
  191  18:36  Missile Turret  
  191  18:37  Terran Infantry Armor Level 2  
  191  18:39  SCV  
  192  18:46  SCV  
  193  18:51  SCV  
  193  18:55  Missile Turret  
  194  18:58  SCV  
  195  19:03  SCV  
  196  19:10  SCV  
  196  19:14  Missile Turret, Sensor Tower  
  196  19:16  SCV  
  198  19:22  SCV  
  199  19:28  SCV  
  200  19:40  Sensor Tower  
  200  20:07  Sensor Tower  
  200  20:28  Missile Turret  
  200  20:53  Neosteel Armor  
  168  21:30  Marine  
  168  21:31  Marine x6  
  174  21:48  Marine  
  174  21:49  Marine x6  
  124  22:06  Marine x4  
  124  22:07  Marine x3  
  124  22:08  Siege Tank  
  133  22:10  Medivac x2  
  133  22:11  Medivac x4  
  141  22:24  Marine x7  
  146  22:40  Siege Tank  
  146  22:42  Marine x7  
  151  23:00  Marine  
  151  23:03  Refinery  
  151  23:04  SCV  
  153  23:12  Siege Tank  
  156  23:16  SCV  
  157  23:27  Command Center  
  157  23:28  SCV  
  157  23:30  Mag-Field Accelerator  
  157  23:33  Terran Vehicle Weapons Level 3, Terran Ship Weapons Level 3  
  158  23:35  Terran Infantry Armor Level 3  
  158  23:40  SCV  
  158  23:41  SCV  
  160  23:44  Siege Tank  
  163  23:52  SCV  
  164  24:07  Ghost Academy  
  164  24:16  Siege Tank  
  167  24:40  Ghost Academy  
  167  24:41  Orbital Command  
  167  24:47  Ghost  
  167  24:49  Siege Tank, Personal Cloaking  
  167  24:51  Marine  
  167  24:52  Marine x5  
  178  25:09  Marine  
  178  25:10  Ghost Academy, Marine x5, Smart Servos  
  184  25:15  Ghost  
  186  25:27  Marine  
  186  25:28  Marine x5  
  177  25:40  Ghost Academy  
  151  25:44  Ghost  
  151  25:45  Marine x2  
  151  25:46  Marine x4  
  139  25:58  Nuke x2  
  139  26:03  Marine x6  
  145  26:10  Terran Vehicle And Ship Armor Level 3, Ghost Academy  
  145  26:12  Ghost  
  145  26:14  Enhanced Shockwaves  
  147  26:20  Marine  
  147  26:21  Marine x5  
  153  26:30  Nuke  
  153  26:38  Marine  
  153  26:39  Marine x5  
  159  26:41  Ghost  
  161  27:04  Barracks  
  161  27:10  Marine  
  161  27:15  Nuke  
  162  27:19  Cloaking Field  
  162  27:27  Marine  
  163  27:33  Nuke  
  163  27:40  Refinery  
  163  27:49  Refinery  
  163  27:53  Barracks  
  163  27:55  Missile Turret  
  163  28:11  Medivac x5  
  163  28:12  Medivac x2  
  177  28:14  Barracks Reactor, Missile Turret  
  177  28:15  Marine x3  
  177  28:16  Marine x4  
  184  28:33  Marine x7  
  191  28:37  Missile Turret  
  191  28:39  Hyperflight Rotors  
  191  28:41  Medivac x2  
  195  28:48  Command Center  
  195  28:51  Marine x5  
  200  28:57  Missile Turret  
  199  29:08  Marine  
  200  29:12  Refinery  
  118  29:58  Marine x8  
  118  29:59  Marine  
  120  30:01  Siege Tank  
  120  30:04  Supply Depot  
  123  30:12  Ghost  
  124  30:16  Marine x9  
  133  30:27  Supply Depot  
  133  30:30  Nuke x3  
  133  30:33  Siege Tank, Medivac x2, Marine  
  133  30:34  Medivac x3, Marine x8  
  155  30:39  Corvid Reactor  
  155  30:41  Ghost  
  157  30:51  Marine  
  157  30:52  Marine x6  
  164  30:58  Supply Depot  
  164  31:05  Orbital Command  
  164  31:06  Refinery  
  164  31:09  Ghost  
  166  31:33  Command Center  
  166  31:38  Ghost  
  165  31:56  Command Center  
  158  32:24  Barracks Reactor  
  158  32:26  Marine  
  158  32:27  Marine x8  
  165  32:44  Marine x4  
  165  32:45  Marine x5  
  174  32:59  Nuke  
  174  33:00  Nuke x2  
  174  33:02  Marine x8  
  174  33:03  Marine  
  179  33:19  Marine  
  179  33:20  Marine x8  
  179  33:26  Sensor Tower  
  188  33:27  Orbital Command  
  188  33:38  Marine  
  189  33:59  SCV  
  190  34:07  Orbital Command  
  190  34:11  SCV  
  191  34:21  Refinery  
  191  34:23  SCV  
  191  34:24  Refinery  
  192  34:35  SCV  
  193  34:48  SCV  
  193  34:50  Nuke x4  
  194  35:43  SCV  
  195  35:52  SCV  
  195  35:55  SCV  
  197  36:04  SCV  
  197  36:08  SCV  
  199  36:16  SCV  
  198  36:51  Nuke x4  
  181  38:12  Marine x9  
  163  38:13  Marine x2  
  171  38:25  Medivac x2  
  171  38:26  Medivac x2  
  179  38:29  Marine  
  179  38:30  Marine x10  
  188  38:47  Marine  
  188  38:48  Marine x10  
  189  38:58  Banshee  
  192  39:05  Nuke, Marine  
  192  39:06  Marine x7  
  169  40:17  Siege Tank  
  172  40:35  Command Center  
  172  40:38  Refinery  
  172  40:47  Command Center  
  172  40:48  Banshee  
  172  40:49  Siege Tank  
  178  40:56  Refinery  
  178  40:57  Ghost  
  178  41:00  Marine x6  
  178  41:01  Marine x4  
  190  41:18  Marine x9  
  191  41:19  Marine  
  194  41:25  Ghost  
  194  41:31  Banshee  
  199  41:35  Marine  
  200  41:54  Ghost  
  200  42:14  Orbital Command  
  200  43:09  Missile Turret  
  200  43:30  Missile Turret  
  190  44:31  SCV  
  191  44:41  Refinery  
  191  44:43  SCV  
  192  44:54  Sensor Tower  
  192  44:55  SCV  
  190  45:07  SCV  
  191  45:19  SCV  
  192  45:38  Orbital Command  
  185  46:26  Nuke x2  
  185  46:43  Orbital Command  
  185  47:53  Nuke x2  
  157  49:10  Marine  
  157  49:11  Marine x10  
  161  49:28  Marine  
  161  49:29  Marine x9  
  169  49:46  Marine, Ghost  
  169  49:47  Marine x9  
  175  50:04  Marine x4  
  175  50:05  Marine x6  
  185  50:14  Ghost  
  187  50:22  Marine x9  
  187  50:23  Marine  
  196  50:40  Marine x4  
  125  51:45  Nuke  
  125  51:46  Nuke x2  
  125  51:50  Siege Tank  
  125  51:51  Marine x2  
  125  51:52  Marine x3  
  125  51:53  Marine x6  
  133  52:09  Marine x2  
  133  52:10  Marine x7  
  133  52:11  Marine x2  
  141  52:22  Siege Tank  
  144  52:26  Marine  
  144  52:27  Marine  
  144  52:28  Marine x9  
  152  52:44  Marine  
  152  52:45  Marine x2  
  152  52:46  Marine x7, Ghost  
  164  52:54  Siege Tank  
  151  53:02  Marine  
  151  53:04  Marine  
  97  53:14  Ghost  
  97  53:15  Marine x8  
  106  53:20  Marine  
  106  53:22  Marine  
  106  53:24  Medivac x7  
  122  53:32  Marine  
  122  53:33  Marine x7  
  130  53:38  Marine  
  130  53:39  Marine  
  132  53:43  Ghost  
  134  53:50  Marine  
  134  53:51  Marine x7  
  134  53:54  Medivac x7  
  156  53:55  Marine  
  156  53:57  Marine  
  158  54:08  Marine  
  158  54:09  Marine x7  
  166  54:11  Ghost  
  166  54:13  Marine  
  166  54:15  Marine  
  170  54:24  Medivac x5  
  172  54:26  Marine x2  
  172  54:27  Marine x6  
  188  54:40  Marine  
  189  54:47  Nuke x2  
  189  54:50  Marine x10  
  199  54:58  Marine  
  199  55:30  Orbital Command  
  110  56:03  Siege Tank  
  105  56:35  Siege Tank  
  108  56:46  SCV  
  109  56:52  Orbital Command  
  105  56:58  SCV  
  105  56:59  Marine x2  
  105  57:00  Marine x8  
  115  57:10  SCV  
  115  57:17  Marine x6  
  115  57:18  Marine x4  
  115  57:19  SCV  
  126  57:22  SCV  
  126  57:31  SCV  
  126  57:35  SCV, Marine x10  
  137  57:41  Refinery  
  137  57:43  SCV  
  138  57:45  Refinery  
  136  57:52  Marine  
  136  57:53  Marine x7  
  136  57:55  SCV  
  147  58:07  SCV  
  145  58:14  Nuke x3  
  145  58:16  Ghost  
  145  58:34  SCV  
  146  58:45  Ghost  
  146  58:46  SCV  
  146  58:58  SCV  
  144  59:10  SCV  
  144  59:13  Ghost  
  147  59:23  SCV  
  145  59:42  Ghost  
  146  60:04  SCV  
  145  60:10  Ghost  
  120  61:27  Nuke x5  
  120  62:15  Banshee  
  120  62:17  Marine  
  120  62:18  Marine x10  
  134  62:35  Marine x4  
  134  62:36  Marine x7  
  145  62:42  Siege Tank  
  148  62:53  Marine x8  
  148  62:54  Marine x3  
  148  62:58  Banshee  
  156  63:03  SCV  
  157  63:09  Orbital Command  
  157  63:11  Marine x11  
  168  63:15  Siege Tank, SCV  
  172  63:27  SCV  
  172  63:29  Marine  
  174  63:41  Banshee  
  174  63:47  Siege Tank  
  180  63:53  SCV  
  181  64:05  SCV  
  182  64:17  SCV  
  182  64:19  Siege Tank  
  182  64:24  Banshee  
  186  64:29  SCV  
  186  64:41  SCV  
  187  65:14  Siege Tank, Banshee  
  193  65:33  Command Center  
  193  65:35  Command Center  
  193  65:48  Nuke x2  
  182  68:12  Banshee  
  179  68:53  Orbital Command  
  179  68:54  Banshee, Orbital Command  
  179  69:21  Refinery  
  176  69:37  Banshee  
  179  69:45  Nuke  
  179  69:49  Ghost  
  181  70:02  Refinery  
  181  70:06  Refinery  
  181  70:17  Ghost  
  181  70:20  Banshee  
  181  70:21  Refinery  
  186  70:29  Missile Turret  
  186  70:36  SCV x3  
  189  70:46  Ghost  
  189  70:48  SCV x3  
  194  71:00  SCV x3  
  194  71:03  Banshee  
  200  71:29  Nuke  
  200  72:30  Nuke  
  200  72:31  Nuke x2  
  199  72:42  SCV  
  199  72:43  SCV  
  191  73:11  Command Center  
  186  75:26  Nuke  
  181  77:05  Ghost  
  182  77:25  Raven  
  174  77:34  Ghost  
  175  78:02  Ghost  
  177  78:08  Raven  
  168  78:16  Supply Depot  
  156  78:31  Ghost  
  151  78:49  Supply Depot  
  151  78:51  Raven  
  153  79:00  Ghost  
  152  79:11  Supply Depot  
  152  79:19  Command Center  
  152  79:23  Command Center  
  152  79:34  Raven, Supply Depot  
  152  79:55  Siege Tank, SCV  
  156  80:07  SCV  
  157  80:16  Raven  
  157  80:19  SCV  
  160  80:28  Siege Tank  
  163  80:38  Missile Turret  
  163  80:42  Missile Turret  
  163  80:46  Missile Turret, Orbital Command  
  163  80:49  Orbital Command  
  163  80:59  Raven  
  163  81:00  Siege Tank  
  165  81:32  Siege Tank  
  168  81:34  Nuke x2  
  168  81:35  Nuke x2  
  166  82:04  Siege Tank  
  169  82:10  Nuke  
  169  82:31  SCV  
  169  82:35  SCV  
  171  82:43  SCV  
  172  82:47  SCV  
  173  82:54  Nuke x2  
  173  82:55  SCV  
  174  82:59  SCV  
  175  83:07  SCV  
  175  83:11  SCV  
  177  83:19  SCV  
  178  83:23  SCV  
  179  83:28  Refinery  
  178  84:18  Missile Turret  
  178  84:20  Missile Turret  
  171  85:20  Banshee  
  171  85:23  Marine  
  171  85:24  Marine x10  
  182  85:38  Nuke x2  
  182  85:41  Marine x5  
  182  85:42  Marine x6  
  193  85:59  Nuke x3, Marine x7  
  200  86:17  Marine x3  
  198  87:22  SCV  
  199  87:34  SCV  
  195  88:12  Refinery  
  195  88:13  SCV  
  195  88:14  Refinery  
  196  88:26  SCV  
  197  88:38  SCV  
  198  88:50  SCV  
  199  88:58  Orbital Command  
  199  89:02  SCV  
  200  89:11  Nuke x2  
  200  89:12  Nuke  
  198  91:15  SCV  
  199  91:24  Command Center  
  199  91:27  Nuke x5, SCV  
  79  94:13  Marine x10  
  79  94:14  Marine  
  90  94:30  Marine  
  90  94:31  Marine x10  
  101  94:48  Marine  
  101  94:49  Marine x10  
  112  95:06  Marine  
  112  95:07  Marine x10  
  123  95:25  Marine  
  124  95:44  Raven  
  126  96:09  Orbital Command, SCV  
  127  96:22  SCV  
  128  96:27  Raven  
  130  96:34  SCV  
  131  96:46  SCV  
  132  96:58  SCV  
  133  97:10  SCV  
  130  98:01  Nuke x2  
  130  98:37  SCV  
  131  98:49  SCV  
  132  99:01  SCV  
  133  99:13  SCV  
  134  99:25  SCV  
  129  99:56  Viking  
  127  100:21  Missile Turret  
  125  100:26  Viking  
  126  100:56  Viking  
  119  101:26  Viking  
  117  101:58  Banshee  
  119  102:05  Ghost  
  119  102:27  SCV  
  120  102:34  Ghost  
  122  102:39  SCV  
  122  102:40  Banshee, Nuke x2  
  126  102:52  SCV  
  127  103:02  Ghost  
  127  103:04  SCV  
  130  103:16  SCV  
  131  103:23  Banshee  
  134  103:31  Ghost  
  134  103:55  Command Center  
  134  103:59  Ghost  
  136  104:06  Banshee  
  139  105:09  SCV  
  139  105:21  SCV  
  140  107:31  Orbital Command  
  135  109:40  Orbital Command  
  122  115:53  Ghost  
  124  116:21  Ghost  
Show
View Real Time Build Order
Export as new Build Order

Twingun Terran 

Build Orders:  

Get SALT Encoding   

  12  0:01  SCV  
  13  0:14  Supply Depot  
  13  0:19  SCV  
  14  0:31  SCV  
  15  0:40  Barracks  
  15  0:49  SCV  
  16  0:50  Refinery  
  16  1:01  SCV  
  17  1:10  Refinery  
  17  1:13  SCV  
  18  1:25  SCV  
  18  1:29  Supply Depot  
  19  1:36  Barracks Tech Lab  
  19  1:38  SCV  
  20  1:50  SCV  
  21  1:57  Factory  
  21  2:10  Barracks  
  21  2:13  SCV  
  22  2:19  Marine  
  23  2:32  Combat Shield  
  23  2:37  Marine  
  24  2:51  Command Center  
  24  2:56  Starport  
  24  2:59  Barracks  
  24  3:04  Factory Tech Lab  
  24  3:10  Barracks Reactor  
  24  3:30  Orbital Command  
  24  3:37  Marine  
  25  3:46  Barracks  
  25  3:48  Engineering Bay  
  25  3:55  Siege Tank, Marine  
  29  4:12  Marine  
  30  4:18  Barracks Reactor  
  30  4:19  Starport Reactor  
  30  4:30  Marine  
  31  4:33  Barracks  
  31  4:37  Stimpack  
  31  4:39  SCV  
  32  4:51  SCV  
  33  4:54  Supply Depot  
  33  4:56  Missile Turret  
  33  4:57  Marine  
  34  5:04  SCV  
  34  5:06  Siege Tank  
  38  5:11  SCV  
  39  5:16  SCV  
  39  5:18  Supply Depot  
  40  5:23  SCV  
  40  5:24  Barracks Reactor  
  40  5:26  Barracks Reactor  
  41  5:31  Engineering Bay  
  41  5:38  Refinery  
  41  5:45  Refinery  
  35  6:23  Missile Turret, SCV  
  36  6:34  Marine x3  
  36  6:35  SCV, Marine  
  36  6:36  Missile Turret  
  38  6:47  SCV  
  38  6:52  SCV  
  40  6:59  SCV  
  41  7:04  SCV  
  42  7:10  Terran Infantry Weapons Level 1  
  42  7:11  SCV  
  42  7:13  Terran Infantry Armor Level 1  
  43  7:16  SCV  
  44  7:24  SCV  
  44  7:26  Marine x4  
  44  7:27  Marine x3  
  44  7:28  Marine  
  53  7:36  SCV  
  54  7:48  SCV  
  55  7:55  Marine x2  
  55  7:56  Marine x5  
  62  8:06  Supply Depot  
  62  8:09  Supply Depot  
  62  8:17  Supply Depot  
  62  8:27  Medivac x2, SCV  
  62  8:30  Supply Depot  
  62  8:32  Supply Depot  
  67  8:40  SCV  
  68  8:42  Supply Depot  
  68  8:43  Marine  
  68  8:44  Marine x5  
  68  8:45  Marine x3  
  77  8:52  SCV  
  78  8:57  Medivac  
  78  9:01  Marine x3  
  83  9:04  SCV  
  84  9:10  Supply Depot  
  84  9:11  Supply Depot  
  84  9:16  Missile Turret  
  84  9:45  Supply Depot  
  84  9:56  Armory  
  84  10:04  Marine  
  84  10:05  Marine x2  
  84  10:06  Marine x6  
  93  10:20  Orbital Command  
  93  10:22  Marine x2  
  93  10:23  Marine x7  
  102  10:28  Supply Depot  
  102  10:40  Marine x2  
  102  10:41  Marine x7  
  111  10:58  Marine  
  112  11:12  Marine  
  112  11:13  Marine x7  
  112  11:16  Siege Tank, Marine  
  124  11:20  Medivac x2  
  128  11:30  Marine x2  
  128  11:31  Marine x4  
  124  11:48  Siege Tank  
  124  11:49  Command Center  
  124  11:50  Medivac  
  129  12:04  Terran Infantry Weapons Level 2  
  129  12:16  Missile Turret  
  109  12:34  Viking x2  
  113  13:07  Viking  
  113  13:08  Viking  
  117  13:30  Marine  
  117  13:31  Marine x8  
  126  13:37  Viking  
  126  13:39  Orbital Command  
  128  13:48  Marine  
  128  13:49  Marine x8  
  136  14:06  Marine  
  136  14:07  Marine x8  
  89  14:24  Marine x4  
  89  14:25  Marine x5  
  98  14:42  Marine x3  
  101  14:46  Terran Infantry Weapons Level 3  
  101  14:48  Terran Infantry Armor Level 2  
  101  14:50  Command Center  
  101  14:51  Marine  
  101  14:52  Marine  
  103  14:55  Viking  
  103  14:57  Viking  
  107  15:44  Marine x6  
  107  15:45  Marine x3  
  116  16:01  Marine  
  116  16:02  Marine  
  118  16:09  Viking  
  118  16:10  Liberator  
  123  16:48  Marine x4  
  125  17:29  Marine x2  
  126  17:30  Marine x5  
  126  17:31  Marine x2  
  134  17:47  Marine x3  
  134  17:48  Marine x5  
  142  18:02  Marine  
  142  18:05  Marine x4  
  141  18:06  Marine x3  
  141  18:09  Supply Depot  
  142  18:12  Supply Depot  
  142  18:14  Supply Depot  
  142  18:27  Command Center  
  142  18:31  Marine x8  
  142  18:34  Marine  
  151  18:49  Marine x2  
  153  19:03  Supply Depot x2  
  153  19:06  Marine  
  153  19:07  Missile Turret  
  154  19:41  SCV  
  155  19:49  Refinery  
  155  19:53  SCV  
  156  20:04  Refinery  
  156  20:05  SCV  
  157  20:17  SCV  
  156  20:43  Marine  
  156  20:44  Marine x4  
  156  20:45  Marine x4  
  165  21:01  Marine x2  
  165  21:02  Marine x3  
  165  21:03  Marine x4  
  158  21:19  Marine x3  
  119  22:01  Marine x3  
  118  22:02  Marine x6  
  127  22:11  Terran Infantry Armor Level 3  
  127  22:19  Marine x4  
  127  22:20  Marine x5  
  126  22:36  Marine  
  126  22:37  Marine x8  
  78  22:46  SCV  
  76  22:54  Marine x2  
  76  22:55  Marine x7  
  76  22:58  SCV  
  86  23:03  Command Center  
  86  23:12  Factory  
  86  23:13  Marine  
  87  23:37  Orbital Command  
  87  23:47  Medivac  
  87  23:48  Medivac  
  91  24:10  Factory Tech Lab  
  91  24:17  Medivac  
  91  24:18  Medivac  
  95  24:28  Command Center  
  95  24:43  Marine x2  
  95  24:44  Marine x7  
  104  24:59  Siege Tank  
  107  25:01  Marine x3  
  107  25:02  Marine x6  
  107  25:04  Missile Turret  
  116  25:19  Marine x2  
  117  25:25  Missile Turret  
  117  25:31  Siege Tank  
  87  25:48  Marine  
  87  25:49  Marine x8  
  90  26:03  Hi-Sec Auto Tracking  
  90  26:06  Marine x3  
  90  26:07  Marine x6  
  99  26:12  Terran Vehicle Weapons Level 1  
  99  26:24  Marine x9  
  108  26:40  Command Center  
  108  26:42  Marine x9  
  117  26:50  Refinery  
  117  26:59  Marine  
  117  27:00  Neosteel Armor, Marine x3  
  121  27:16  Marine  
  121  27:17  Marine x5  
  121  27:18  Marine x3  
  130  27:27  Medivac  
  130  27:28  Medivac  
  134  27:34  Marine  
  134  27:35  Marine x7  
  134  27:36  Marine  
  143  27:52  Marine x5  
  143  27:53  Marine x4  
  143  27:57  Medivac x2  
  156  28:10  Marine x3  
  159  28:27  Medivac  
  161  28:37  Marine x9  
  170  28:54  Marine  
  170  28:55  Marine x8  
  179  29:12  Marine  
  179  29:13  Marine x8  
  188  29:30  Marine  
  188  29:31  Marine x8  
  183  29:48  Marine x5  
  183  29:49  Marine x2  
  130  29:54  Marine x2  
  105  30:06  Marine x7  
  105  30:11  Marine  
  105  30:12  Marine  
  105  30:24  Marine x7  
  112  30:29  Marine  
  112  30:30  Marine  
  114  30:38  Medivac x2  
  114  30:41  Marine  
  114  30:42  Marine x6  
  123  30:47  Marine  
  123  30:48  Marine  
  125  30:59  Marine  
  125  31:00  Marine x6  
  132  31:05  Marine x2  
  132  31:08  Medivac x2  
  138  31:17  Marine x3  
  138  31:18  Marine x4  
  145  31:23  Marine x2  
  145  31:35  Marine x6  
  151  31:43  Marine x3  
  154  31:53  Marine x6  
  160  32:01  Marine x3  
  163  32:10  Marine  
  163  32:11  Marine x5  
  169  32:19  Marine x3  
  172  32:28  Marine  
  172  32:29  Marine x5  
  178  32:36  Marine  
  179  32:37  Marine  
  179  33:13  SCV  
  180  33:24  Command Center  
  180  33:25  SCV  
  181  33:37  SCV  
  176  33:49  SCV  
  176  33:53  Missile Turret  
  177  33:59  Missile Turret  
  177  34:01  SCV  
  178  34:12  Missile Turret  
  178  34:22  Missile Turret  
  174  34:47  Missile Turret  
  174  34:49  Command Center  
  174  34:54  Missile Turret  
  174  34:56  Missile Turret  
  174  34:59  Marine  
  174  35:00  Marine x8  
  183  35:08  Command Center  
  183  35:17  Marine  
  183  35:18  Marine x8  
  192  35:35  Marine  
  188  35:36  Marine x8  
  197  35:56  Missile Turret  
  197  36:08  Starport Tech Lab  
  197  36:15  Starport  
  197  36:21  Starport  
  197  36:30  Missile Turret  
  196  36:48  Raven  
  198  36:59  Planetary Fortress  
  183  37:01  Orbital Command  
  180  37:31  Raven  
  162  38:14  Raven  
  164  38:23  Marine  
  164  38:24  Command Center, Marine x8  
  166  38:41  Marine  
  166  38:42  Marine x8  
  171  38:59  Marine x6  
  171  39:00  Raven  
  179  39:04  Starport Tech Lab  
  179  39:29  Siege Tank  
  182  39:37  Missile Turret  
  182  39:42  Raven  
  171  40:02  Siege Tank  
  154  40:23  Liberator  
  157  40:31  SCV  
  157  40:34  Siege Tank  
  161  40:43  SCV  
  162  40:55  SCV  
  163  41:00  Medivac  
  165  41:06  Liberator, Terran Vehicle Weapons Level 2  
  165  41:07  SCV  
  163  41:19  SCV  
  164  41:30  Medivac  
  164  41:32  Siege Tank  
  169  42:00  Medivac  
  171  42:04  Siege Tank  
  174  42:14  Marine  
  174  42:15  Marine x8  
  173  42:32  Marine  
  173  42:33  Marine x8  
  173  42:36  Siege Tank  
  185  42:50  Marine x4  
  181  43:08  Siege Tank  
  174  43:40  Siege Tank  
  130  44:19  Marine  
  130  44:20  Marine x4  
  130  44:21  Marine x4  
  137  44:30  Command Center  
  137  44:37  Marine  
  137  44:38  Marine x6  
  144  44:51  Marine x2  
  146  44:55  Marine  
  146  44:56  Marine x2  
  142  45:40  Orbital Command  
  140  46:32  Command Center  
  129  46:46  Marine  
  130  46:47  Marine x8  
  138  47:04  Marine  
  138  47:05  Marine x8  
  147  47:22  Marine  
  148  47:23  Marine x8  
  156  47:40  Marine x5  
  156  47:41  Marine x4  
  165  47:51  SCV  
  166  47:58  Marine  
  166  48:03  SCV  
  168  48:15  SCV  
  169  48:27  SCV  
  164  48:39  SCV  
  115  48:56  Marine  
  115  48:57  Marine x8  
  124  49:14  Marine  
  124  49:15  Marine x8  
  128  49:32  Marine  
  128  49:33  Marine x8  
  132  49:50  Marine x5  
  132  49:51  Marine x4  
  141  49:57  Siege Tank  
  138  50:08  Marine x9  
  147  50:17  Medivac  
  149  50:26  Marine x9  
  151  50:29  Siege Tank  
  128  50:44  Marine  
  128  50:47  Medivac, SCV  
  131  50:52  SCV  
  131  50:59  SCV, Marine  
  131  51:00  Marine x7  
  131  51:01  Siege Tank  
  131  51:02  Marine  
  131  51:04  SCV  
  145  51:11  SCV  
  145  51:17  Medivac, Marine  
  145  51:18  Marine x7  
  151  51:20  Marine  
  151  51:23  SCV  
  133  51:34  Siege Tank  
  133  51:35  Marine  
  133  51:36  Marine x6  
  142  51:47  Medivac  
  144  52:00  Marine x9  
  140  52:17  Medivac, Marine  
  140  52:18  Marine x8  
  151  52:35  Marine  
  151  52:36  Marine x2  
  154  52:37  Marine x5  
  105  53:22  Marine  
  105  53:23  Marine x8  
  114  53:40  Marine  
  114  53:41  Marine x8  
  117  53:58  Marine x4  
  117  53:59  Marine x2  
  109  54:56  SCV  
  110  55:08  SCV  
  111  55:20  SCV  
  112  55:31  Command Center  
  96  56:02  Marine  
  96  56:03  Marine x8  
  103  56:20  Marine x4  
  103  56:21  Marine x5  
  109  56:38  Marine x9  
  117  56:56  Marine  
  118  57:09  Command Center  
  118  57:28  Marine  
  118  57:29  Marine x7  
  126  58:32  SCV  
  126  58:33  Command Center  
  127  58:44  SCV  
  128  58:57  SCV  
  129  59:09  SCV  
  130  59:20  Command Center  
  127  59:49  Siege Tank  
  130  60:01  Marine x9  
  139  60:07  SCV  
  140  60:21  Siege Tank  
  137  60:44  Marine x9  
  147  60:50  SCV  
  147  60:53  Siege Tank  
  150  61:01  Marine  
  150  61:02  SCV, Marine x7  
  153  61:14  SCV  
  154  61:29  Orbital Command  
  154  61:36  Marine x5  
  154  61:37  Marine x2  
  161  61:58  SCV  
  161  62:10  SCV  
  156  62:17  Orbital Command  
  156  62:22  SCV  
  157  62:34  SCV  
  158  62:46  SCV  
  159  63:16  SCV  
  157  63:28  SCV  
  155  63:40  SCV  
  151  63:57  Missile Turret  
  151  64:10  Missile Turret, Refinery x2  
  151  64:48  Missile Turret  
  151  64:54  Missile Turret  
  151  65:00  SCV  
  151  65:03  Marine x2  
  151  65:04  Marine x7  
  161  65:11  Widow Mine  
  161  65:12  SCV  
  164  65:21  Marine x7  
  164  65:22  Marine x2  
  164  65:24  SCV  
  174  65:32  Widow Mine  
  176  65:36  SCV  
  176  65:39  Marine x9  
  186  65:56  Marine  
  187  65:57  Marine x8  
  189  66:15  Marine  
  175  66:26  SCV  
  176  66:38  SCV  
  173  66:50  Missile Turret, SCV  
  158  68:16  Missile Turret x2  
  158  68:18  Missile Turret  
  158  68:44  Missile Turret  
  158  68:50  Missile Turret  
  158  68:52  Missile Turret  
  158  69:03  Marine x7  
  165  69:15  Factory  
  162  69:19  Missile Turret  
  162  69:20  Marine  
  162  69:21  Marine x6  
  165  69:33  SCV  
  166  69:38  Marine  
  166  69:39  Marine x6  
  166  69:45  Missile Turret  
  173  69:46  SCV  
  173  69:51  Missile Turret  
  174  69:56  Marine  
  174  69:58  SCV  
  176  70:08  Ghost Academy  
  176  70:10  SCV  
  177  70:19  Ghost Academy  
  177  70:21  Missile Turret  
  177  70:22  SCV  
  178  70:29  Missile Turret  
  178  70:32  Factory, Missile Turret  
  178  70:34  SCV  
  179  70:36  SCV  
  179  70:39  Refinery  
  179  70:42  Refinery  
  180  70:46  SCV  
  180  70:48  SCV  
  182  70:56  Missile Turret  
  182  70:58  SCV  
  182  71:00  SCV  
  184  71:09  Nuke  
  184  71:10  SCV  
  185  71:12  Nuke, SCV  
  186  71:24  Barracks  
  182  71:54  Missile Turret  
  182  72:04  Barracks  
  173  72:20  Barracks Tech Lab  
  162  73:15  Barracks Tech Lab  
  162  73:19  Ghost  
  162  73:47  Ghost  
  157  74:16  Ghost  
  156  74:30  Ghost  
  156  74:37  Marine  
  156  74:38  Marine x2  
  159  74:55  Personal Cloaking  
  159  74:58  Ghost  
  159  74:59  Refinery  
  161  75:08  Command Center  
  161  75:27  Ghost  
  146  75:49  Missile Turret  
  143  75:53  Missile Turret  
  143  76:02  Missile Turret  
  139  77:45  Ghost  
  140  78:14  Ghost  
  140  78:17  SCV  
  140  78:21  SCV  
  139  78:29  SCV  
  139  78:33  SCV  
  141  78:35  Nuke  
  141  78:40  Nuke  
  141  78:42  SCV, Ghost  
  141  78:45  SCV  
  145  78:54  SCV  
  146  78:57  SCV  
  146  78:59  Missile Turret  
  145  79:06  SCV  
  145  79:09  SCV  
  145  79:16  Siege Tank  
  140  79:48  Siege Tank  
  140  79:49  Marine x2  
  140  79:55  Ghost  
  138  80:20  Siege Tank  
  124  80:24  Ghost  
  126  80:34  Nuke  
  126  80:42  Factory Tech Lab  
  126  80:52  Siege Tank  
  126  80:53  SCV  
  130  80:57  Nuke  
  130  81:05  SCV  
  131  81:17  SCV  
  132  81:30  SCV  
  133  82:02  Orbital Command  
  133  82:04  Orbital Command  
  133  82:10  Factory Tech Lab  
  133  82:12  Siege Tank  
  136  82:44  Siege Tank  
  133  83:17  Ghost  
  130  84:04  Nuke  
  130  84:20  Siege Tank  
  123  85:03  Siege Tank  
  113  85:27  Siege Tank  
  116  85:31  Missile Turret  
  116  85:35  Siege Tank  
  119  85:44  Ghost  
  120  85:59  Siege Tank  
  123  86:07  Siege Tank  
  123  86:12  Ghost  
  125  86:39  Refinery  
  106  87:13  Terran Vehicle Weapons Level 3  
  106  88:16  Siege Tank  
  106  88:19  Siege Tank  
  112  88:32  SCV  
  113  88:44  SCV  
  117  88:48  Siege Tank  
  117  88:52  Siege Tank  
  120  89:04  Starport  
  120  89:17  Starport  
  120  89:24  Siege Tank  
  123  89:40  Command Center  
  123  89:47  Orbital Command  
  120  90:15  Supply Depot  
  120  90:22  Supply Depot  
  120  90:23  Supply Depot  
  120  90:25  Supply Depot  
  120  90:27  Supply Depot  
  114  90:50  Supply Depot  
  114  91:14  Raven  
  116  91:20  Starport Tech Lab, Supply Depot  
  116  91:22  Starport Tech Lab  
  116  91:31  SCV  
  117  91:34  Refinery  
  117  91:43  SCV  
  117  91:46  Refinery  
  118  91:55  SCV  
  119  92:07  SCV  
  117  92:33  Orbital Command  
  116  92:50  Engineering Bay  
  104  93:42  Siege Tank  
  104  93:46  Liberator  
  60  94:14  Siege Tank  
  53  94:29  Liberator  
  56  94:38  Barracks  
  56  95:12  Liberator  
  59  95:15  Marine x2  
  61  95:33  Marine x2  
  63  95:50  Marine  
  63  95:51  Marine  
  63  95:55  Marine  
  64  96:00  Siege Tank  
  67  96:06  Siege Tank  
  67  96:08  Marine  
  67  96:09  Marine  
  72  96:13  Marine  
  72  96:26  Marine  
  72  96:27  Marine  
  72  96:32  Siege Tank  
  77  97:07  Liberator x2  
  83  97:10  Marine  
  83  97:11  Marine x2  
  86  97:28  Marine  
  86  97:29  Marine x2  
  79  97:46  Marine x3  
  79  97:50  Liberator x2  
  88  98:04  Marine x3  
  88  98:21  Marine  
  88  98:22  Marine x2  
  89  98:39  Marine  
  89  98:40  Marine x2  
  92  98:50  Orbital Command  
  92  98:57  Command Center, Marine  
  92  98:58  Marine x2  
  95  99:15  Marine x3  
  97  100:06  Siege Tank  
  100  100:24  SCV  
  101  100:43  SCV  
  99  100:55  SCV  
  100  101:26  Siege Tank  
  92  101:57  Marine x2  
  92  101:58  Marine  
  95  102:15  Marine x3  
  98  102:33  Marine x3  
  101  102:51  Marine x3  
  104  103:08  Marine  
  105  103:14  Refinery  
  105  104:17  Marine  
  105  104:18  Marine x2  
  104  105:14  Marine x3  
  102  105:31  Marine  
  102  105:32  Marine x2  
  105  105:38  Medivac  
  107  105:44  SCV  
  107  105:49  Marine x2  
  109  105:50  Marine  
  111  105:57  Missile Turret  
  107  107:26  Orbital Command  
  103  108:55  Supply Depot  
  103  109:14  SCV  
  103  109:16  Marine  
  99  109:56  SCV  
  94  110:08  SCV  
  95  110:20  SCV  
  95  110:32  SCV  
  93  111:31  Missile Turret  
  74  113:16  Missile Turret  
  73  114:31  Raven  
  73  117:19  Siege Tank  
  76  117:51  Siege Tank  
  56  119:37  Siege Tank  
  56  121:45  Orbital Command  
  56  121:57  Viking  
  58  122:27  Viking  
  54  126:12  Orbital Command  
Tags
 
Add a new tag
Caveats
  • Supply blocks, unpowered buildings, or Contaminate may cause inaccurate times.
  • Supply counts are checked every 10 seconds.